 Dungeon Crawl Stone Soup version 0.30-a0-737-gf23d94013f (webtiles) character file.

Game seed: 12217057417429173434

21 ragingrage the Conjurer (level 2, -2/22 HPs)
             Began as a Demonspawn Reaver on Feb 1, 2023.
             Shot with a sling bullet by a goblin (3 damage)
             ... led by Robin
             ... on level 2 of the Dungeon.
             The game lasted 00:02:37 (1162 turns).

ragingrage the Conjurer (Demonspawn Reaver)         Turns: 1162, Time: 00:02:37

Health: -2/22      AC:  3    Str: 12    XL:     2   Next: 62%
Magic:  5/5        EV: 11    Int: 14    God:
Gold:   99         SH:  0    Dex: 11    Spells: 4/5 levels left

rFire   . . .      SeeInvis .    a - +0 falchion
rCold   . . .      Faith    .    (no shield)
rNeg    . . .      Spirit   .    k - +0 leather armour
rPois   .          Reflect  .    (helmet restricted)
rElec   .          Harm     .    (no cloak)
rCorr   .          Rampage  .    (no gloves)
Will    .....                    (no boots)
Stlth   +                        (no amulet)
HPRegen 0.23/turn                (no ring)
MPRegen 0.09/turn                (no ring)

@: no status effects
A: antennae 1
a: no special abilities


You were on level 2 of the Dungeon.
You visited 1 branch of the dungeon, and saw 2 of its levels.

You collected 99 gold pieces.

Inventory:

Hand Weapons
 a - a +0 falchion (weapon)
 b - a +0 short sword
Missiles
 c - 5 silver javelins
 f - a throwing net
 l - 12 stones (quivered)
Armour
 k - a +0 leather armour (worn)
Jewellery
 j - a ring of fire
Scrolls
 d - 2 scrolls of enchant armour {unknown}
 e - a scroll of blinking {unknown}
 g - a scroll of fear {unknown}
 i - a scroll of identify {unknown}
Potions
 h - a potion of mutation {unknown}
 m - a potion of magic {unknown}


   Skills:
 - Level 2.0 Fighting
 - Level 2.9 Long Blades
 - Level 1.7 Dodging
 + Level 0.8 Stealth
 - Level 2.0 Spellcasting
 + Level 3.3 Conjurations
 - Level 1.0 Necromancy


You had 4 spell levels left.
You knew the following spells:

 Your Spells              Type           Power      Damage    Failure   Level
a - Kiss of Death         Conj/Necr      28%        2d7       12%         1

Your spell library contained the following spells:

 Spells                   Type           Power      Damage    Failure   Level
 Momentum Strike          Conj/Tloc      12%        3d8       22%         2
 Hailstorm                Conj/Ice       6%         3d4       41%         3
 Call Canine Familiar     Summ           1%         N/A       65%         3
 Portal Projectile        Hex/Tloc       2%         N/A       65%         3
 Leda's Liquefaction      Hex/Erth       0%         N/A       96%         4


Dungeon Overview and Level Annotations

Branches:
Dungeon (2/15)

Altars:

Annotations:
D:2 Robin


Innate Abilities, Weirdness & Mutations

You have a pair of small antennae on your head.


Message History

You barely miss the endoplasm.
The endoplasm is almost dead.
The endoplasm freezes you.
You are frozen.
The endoplasm freezes you.
You are frozen.
You are too injured to fight recklessly!
An endoplasm is nearby!
You hit the endoplasm.
You kill the endoplasm!
You start resting.
A goblin comes into view. It is wielding a +0 club.
A goblin is nearby!
You are too injured to fight recklessly!
You are too injured to fight recklessly!
You are too injured to fight recklessly!
A goblin is nearby!
You throw a stone. The goblin shouts!
The stone hits the goblin.
The goblin is moderately wounded.
The goblin unwields a +0 club.
The goblin wields a +1 sling of freezing.
It is covered in frost.
The goblin shoots a sling bullet.
The sling bullet closely misses you.
You throw a stone. The stone closely misses the goblin.
The goblin shoots a sling bullet.
The sling bullet barely misses you.
You throw a stone. The stone hits the goblin.
The goblin is heavily wounded.
You throw a stone. The stone hits the goblin.
The goblin is severely wounded.
The goblin shoots a sling bullet.
The sling bullet hits you. The sling bullet freezes you.
The goblin shoots a sling bullet.
The sling bullet closely misses you.
The goblin shoots a sling bullet.
The sling bullet hits you. The sling bullet freezes you.
The goblin shoots a sling bullet.
The sling bullet hits you.
* * * LOW HITPOINT WARNING * * *
The sling bullet freezes you.
You die...

# ##.#.........#
########............# #####.###g
....................# #..$.....
########............####.#.....##
# ##.#.....................# #
#.#.........# #.....g.... #
#...........####........# #
###........g..>........# ###
#.....@...##### #<..# ..#
#######.### ##### ..#### #.#
.....# #.# ..##.######### #.#
..##..<....... ..# ##############
###


You could see a goblin.

Vanquished Creatures
  A worm (D:1)
  2 endoplasms
  5 goblins (D:1)
  A hobgoblin (D:1)
  3 quokkas (D:1)
  2 kobolds (D:1)
  A rat (D:1)
15 creatures vanquished.

Notes
Turn   | Place    | Note
-------+----------+-------------------------------------------
     0 | D:1      | ragingrage the Demonspawn Reaver began the quest for the
                  | Orb.
     0 | D:1      | Reached XP level 1. HP: 16/16 MP: 3/3
   398 | D:1      | Discovered your monstrous ancestry.
   398 | D:1      | Gained mutation: You have a pair of small antennae on your
                  | head. [demonic ancestry]
   398 | D:1      | Reached XP level 2. HP: 17/22 MP: 5/5
   454 | D:1      | Reached skill level 1 in Necromancy
   934 | D:2      | Noticed Robin
  1162 | D:2      | HP: 1/22 [goblin/sling bullet[Robin] (6)]
  1162 | D:2      | Shot with a sling bullet by a goblin

Illustrated notes

Levels and vault maps discovered:
D:1:      heliophobic_arrival_enchanted_forest, layout_basic, minmay_liquid_box
D:2:      layout_loops_ring, uniq_robin, uniq_jessica

Skill      XL: |  1  2 |
---------------+-------+-----
Necromancy     | 1 |  1.0
Fighting       | |  2.0
Long Blades    | |  2.9
Dodging        | |  1.7
Stealth        | |  0.8
Spellcasting   | |  2.0
Conjurations   | |  3.3

Action                     || total
---------------------------++-------
  Melee: Falchion          ||    53
  Throw: Stone             ||     9
 Armour: Leather armour    ||     9
  Dodge: Dodged            ||    38

Table legend: (Time is in decaauts)
 A = Elapsed time spent in this place.
 B = Non-inter-level travel time spent in this place.
 C = Inter-level travel time spent in this place.
 D = Time resting spent in this place.
 E = Time spent auto-exploring this place.
 F = Levels seen in this place.
 G = Mean time per level.
                   A        B        C        D        E       F      G
               +--------+--------+--------+--------+--------+-----+--------+
         Total |   1176 |   1083 |     93 |    200 |    630 |   2 |  588.0 |
       Dungeon |   1176 |   1083 |     93 |    200 |    630 |   2 |  588.0 |
               +--------+--------+--------+--------+--------+-----+--------+

Top non-repeatable levels by time:
     D:1: 1072 daAuts
     D:2: 104 daAuts
